 Dungeon Crawl Stone Soup version 0.26-a0-844-g3dd439832f (webtiles) character file.

Game seed: 4844095056706449556

4 sahdkjhfkaj the Gusty (level 1, 16/16 HPs)
             Began as a Troll Air Elementalist on Nov 18, 2020.
             Quit the game on level 1 of the Dungeon.
             The game lasted 00:01:09 (236 turns).

sahdkjhfkaj the Gusty (Troll Air Elementalist)       Turns: 236, Time: 00:01:09

Health: 16/16      AC:  6    Str: 15    XL:     1   Next: 50%
Magic:  1/1        EV: 10    Int: 11    God:
Gold:   18         SH:  0    Dex: 10    Spells: 1/2 levels left

rFire    . . .     SeeInvis .     - Unarmed
rCold    . . .     Faith    .   (no shield)
rNeg     . . .     Spirit   .   a - +0 robe
rPois    .         Reflect  .   (helmet restricted)
rElec    .         Harm     .   (no cloak)
rCorr    .         Rampage  .   (gloves unavailable)
MR       .....                  (boots unavailable)
Stlth    +.........             (no amulet)
HPRegen  0.45/turn              (no ring)
MPRegen  0.07/turn              (no ring)

@: no status effects
A: large, unfitting armour, claws 3, regeneration 1, shaggy fur 1, tough skin 3
a: no special abilities


You were on level 1 of the Dungeon.
You visited 1 branch of the dungeon, and saw 1 of its levels.

You collected 18 gold pieces.

Inventory:

Armour
 a - a +0 robe (worn)
Scrolls
 c - a scroll of identify {!r, unknown}
Potions
 b - a potion of mutation {!q, unknown}
 d - a potion of curing {!q, unknown}


   Skills:
 - Level 1.5 Dodging
 - Level 1.0 Stealth
 + Level 1.1 Unarmed Combat
 - Level 1.2 Spellcasting
 - Level 0.6 Conjurations
 - Level 2.0 Air Magic


You had one spell level left.
You knew the following spells:

 Your Spells              Type           Power        Failure   Level
a - Shock                 Conj/Air       #...         19%         1

Your spell library contained the following spells:

 Spells                   Type           Power        Failure   Level
 Swiftness                Air            #.......     22%         2
 Static Discharge         Conj/Air       #.......     50%         3
 Airstrike                Air            #.........   80%         4
 Lightning Bolt           Conj/Air       #.........   99%         5


Dungeon Overview and Level Annotations

Branches:
Dungeon (1/15)

Altars:


Innate Abilities, Weirdness & Mutations

You are too large for most types of armour.
You have claws for hands.
Your natural rate of healing is unusually fast.
You are covered in fur. (AC +1)
You have extremely tough skin. (AC +3)


Message History

You swing at nothing.
You swing at nothing.
You swing at nothing.
You swing at nothing.
You swing at nothing.
You swing at nothing.
You swing at nothing.
You swing at nothing.
You swing at nothing.
You swing at nothing.
You swing at nothing.
You swing at nothing.
You swing at nothing.
You swing at nothing.
You swing at nothing.
You swing at nothing.
You swing at nothing.
You swing at nothing.
You swing at nothing.
Are you sure you want to abandon this character and quit the game? (Confirm with "yes".) ##P.P .. ##PPPP

#.. #P.... #.# #P....
#.# ###### #.# +.....
#.# ..######
>..#########.####.#P≈≈≈≈
.......@..........#P≈≈≈≈
....####......###.##P≈≈≈
. ###.##.###..##P≈≈
...##..#...###PP
#..........#.#####
#.#####..#....## #(.
##.#.#...## #.
#...#....## ##....(#...


There were no monsters in sight!

Vanquished Creatures
  A leopard gecko (D:1)
  2 kobolds (D:1)
  A rat (D:1)
4 creatures vanquished.

Notes
Turn   | Place    | Note
-------+----------+-------------------------------------------
     0 | D:1      | sahdkjhfkaj the Troll Air Elementalist began the quest for
                  | the Orb.
     0 | D:1      | Reached XP level 1. HP: 16/16 MP: 1/1
   112 | D:1      | Reached skill level 1 in Unarmed Combat
   236 | D:1      | Quit the game

Illustrated notes

Levels and vault maps discovered:
D:1:      psy_arrival_terrarium, layout_rooms

Skill      XL: |  1 |
---------------+----+-----
Unarmed Combat | 1 |  1.1
Dodging        | |  1.5
Stealth        | |  1.0
Spellcasting   | |  1.2
Conjurations   | |  0.6
Air Magic      | |  2.0

Action                   || total
-------------------------++-------
Melee: Unarmed           ||     7
 Cast: Shock             ||     2
Armor: Robe              ||     3
Dodge: Dodged            ||     1

Table legend: (Time is in decaauts)
 A = Elapsed time spent in this place.
 B = Non-inter-level travel time spent in this place.
 C = Inter-level travel time spent in this place.
 D = Time resting spent in this place.
 E = Time spent auto-exploring this place.
 F = Levels seen in this place.
 G = Mean time per level.
                   A        B        C        D        E       F      G
               +--------+--------+--------+--------+--------+-----+--------+
         Total |    233 |    233 |      0 |      0 |     86 |   1 |  233.0 |
       Dungeon |    233 |    233 |      0 |      0 |     86 |   1 |  233.0 |
               +--------+--------+--------+--------+--------+-----+--------+

Top non-repeatable levels by time:
     D:1: 233 daAuts
